 Dungeon Crawl Stone Soup version 0.21-a0-442-g848f44b3bc (webtiles) character file.

105 JackS81 the Grave Robber (level 4, -2/30 HPs)
             Began as a Demonspawn Necromancer on Oct 27, 2017.
             Slain by loom's ghost (14 damage)
             ... on level 3 of the Dungeon on Nov 17, 2017.
             The game lasted 00:15:40 (1776 turns).

JackS81 the Grave Robber (Demonspawn Necromancer)   Turns: 1776, Time: 00:15:40

Health: -2/30      AC:  4    Str:  8    XL:     4   Next: 53%
Magic:  8/16       EV: 12    Int: 17    God:
Gold:   118        SH:  0    Dex: 14    Spells: 1/7 levels left

rFire    . . .     SeeInvis .   i - +0 dagger (venom)
rCold    . . .     Gourm    .   (no shield)
rNeg     . . .     Faith    .   a - +0 robe
rPois    .         Spirit   .   (helmet restricted)
rElec    .         Reflect  .   (no cloak)
rCorr    .         Harm     .   (no gloves)
MR       .....                  (no boots)
Stlth    ++........             (no amulet)
HPRegen  0.10/turn              t - ring of magical power
MPRegen  0.15/turn              (no ring)

@: very slightly contaminated, hasted, very quick
A: horns 1, iridescent scales 1
a: no special abilities


You were on level 3 of the Dungeon.
You were not hungry.

You visited 1 branch of the dungeon, and saw 3 of its levels.

You collected 118 gold pieces.

Inventory:

Hand Weapons
 i - a +0 dagger of venom (weapon)
Armour
 a - a +0 robe (worn)
Jewellery
 t - a ring of magical power (left hand)
Scrolls
 d - 2 scrolls of enchant weapon {unknown}
 e - 4 scrolls of amnesia {unknown}
 g - a scroll of recharging {unknown}
 h - a scroll of teleportation {unknown}
 k - a scroll of blinking {unknown}
 l - a scroll of identify {unknown}
 o - a scroll of enchant armour {unknown}
Potions
 n - a potion of haste
Books
 b - a book of Necromancy

   Spells                             Type                      Level
   a - Pain                           Necromancy                   1
   b - Animate Skeleton               Necromancy                   1
   c - Vampiric Draining              Necromancy                   3
   d - Regeneration                   Charms/Necromancy            3
   e - Animate Dead                   Necromancy                   4
   f - Control Undead                 Necromancy                   4
 s - Jessica's Handbook of Beguiling
   (You found it on level 2 of the Dungeon)

   Spells                             Type                      Level
   a - Ensorcelled Hibernation        Hexes/Ice                    2
Comestibles
 c - 2 bread rations
 j - 2 meat rations
 p - a royal jelly


   Skills:
 - Level 1.7 Dodging
 - Level 1.7 Stealth
 - Level 2.0 Spellcasting
 * Level 6.6 Necromancy


You had one spell level left.
You knew the following spells:

 Your Spells              Type           Power        Failure   Level  Hunger
a - Pain                  Necr           ###.         1%          1    #......
b - Animate Skeleton      Necr           N/A          1%          1    #......
c - Animate Dead          Necr           N/A          12%         4    #####..


Dungeon Overview and Level Annotations

Branches:
Dungeon (3/15)

Altars:

Annotations:
D:3 Sigmund; loom's ghost, amateur MiBe


Innate Abilities, Weirdness & Mutations

You have a pair of small horns on your head.
You are partially covered in iridescent scales. (AC +2)


Message History

Press: ? - help, Dir - move target cursor, f - loom's ghost
Aim: loom's ghost Attack!
Loom's ghost hits your quokka skeleton.
Your quokka skeleton is destroyed!
Your quokka zombie closely misses loom's ghost.
You swap places.
Your ball python zombie bites loom's ghost but does no damage.
Your quokka zombie barely misses loom's ghost.
You feel yourself speed up.
Loom's ghost hits your ball python zombie!
Your ball python zombie is destroyed!
Your quokka zombie barely misses loom's ghost.
Casting: Animate Dead
Confirm with . or Enter, or press ? or * to list all spells.
You can't see any susceptible monsters within range! (Use Z to cast anyway.) Unknown command.
Your quokka zombie bites loom's ghost.
Your quokka zombie bites loom's ghost but does no damage.
Loom's ghost hits you!
You die...

#.. ### ### #.? ... ....#
### ##.##.# #.#.# #...
.....# #.#.# #.#.###.#.###
#.#.# ........)...# #.#.#
.#.###.#)#.# ###.#.#
#.#!#W#.#.#######...#.####
.#.###.#ZW@................
#..........########.###.###.
#.#.###.#..# #.# #.# #Z #?..
......# #.# #.# #Z ...
######## #.# #.# ## ## #.#
#.#### #.###...Z. #..##..###
##.##..#


You could see loom's ghost and a friendly quokka zombie.

Vanquished Creatures
  Jessica (D:2)
  2 adders (D:2)
  2 worms (D:3)
  A dart slug (D:3)
  A leopard gecko (D:2)
  An orc (D:3)
  3 giant cockroaches
  4 goblins
  4 hobgoblins
  4 jackals (D:3)
  4 quokkas
  3 bats
  5 frilled lizards
  6 kobolds
  3 rats
44 creatures vanquished.

Vanquished Creatures (collateral kills)
  A worm (D:2)
  A ball python (D:3)
  A hobgoblin (D:3)
  A kobold (D:1)
4 creatures vanquished.

Grand Total: 48 creatures vanquished

Notes
Turn   | Place    | Note
-------+----------+-------------------------------------------
     0 | D:1      | JackS81 the Demonspawn Necromancer began the quest for the Orb.
     0 | D:1      | Reached XP level 1. HP: 13/13 MP: 3/3
     3 | D:1      | Upgraded the game from 0.21-a0-404-g291f19a to 0.21-a0-442-g848f44b3bc
     5 | D:1      | Learned a level 1 spell: Animate Skeleton
   342 | D:1      | Gained mutation: You are partially covered in iridescent scales. (AC +2) [demonic ancestry]
   342 | D:1      | Reached XP level 2. HP: 14/19 MP: 0/5
   442 | D:1      | Reached skill level 5 in Necromancy
   886 | D:2      | Reached XP level 3. HP: 20/24 MP: 0/6
  1057 | D:2      | Noticed Jessica
  1063 | D:2      | Killed Jessica
  1063 | D:2      | Reached skill level 6 in Necromancy
  1071 | D:2      | Identified Jessica's Handbook of Beguiling
  1170 | D:2      | Gained mutation: You have a pair of small horns on your head. [demonic ancestry]
  1170 | D:2      | Reached XP level 4. HP: 22/30 MP: 4/7
  1196 | D:2      | Learned a level 4 spell: Animate Dead
  1495 | D:3      | Noticed Sigmund
  1759 | D:3      | Noticed loom's ghost (amateur MiBe)
  1776 | D:3      | Slain by loom's ghost

Vault maps used:
D:1:      dpeg_arrival_fog
D:2:      kennysheep_jessica_study
D:3:      first_bread, hangedman_decor_growths, minmay_surrounded, uniq_sigmund

Skill      XL: |  1  2  3 |
---------------+----------+-----
Necromancy     | 5 6 |  6.6
Dodging        | |  1.7
Stealth        | |  1.7
Spellcasting   | |  2.0

Action                   |  1- 3 |  4- 6 || total
-------------------------+-------+-------++-------
Melee: Unarmed           |    13 |       ||    13
       Dagger            |    23 |    44 ||    67
       Headbutt          |       |     9 ||     9
 Cast: Pain              |    37 |    15 ||    52
       Animate Skeleton  |    12 |     2 ||    14
       Animate Dead      |       |     5 ||     5
  Use: Potion            |       |     5 ||     5
 Stab: Sleeping          |     3 |       ||     3
  Eat: Chunk             |     2 |     3 ||     5
Armor: Robe              |    11 |    11 ||    22
Dodge: Dodged            |    23 |    28 ||    51

Table legend:
 A = Spawn XP
 B = Non-spawn XP
 C = Spawn XP percentage of total XP
 D = Spawn monster count
 E = Non-spawn monster count
 F = Spawn count percentage of total count
 G = Total turns spent on level
                    A         B        C        D         E        F      G
               +---------+---------+-------+---------+---------+-------+---------
         Total |       0 |     150 |   0.0 |       0 |      48 |   0.0 |  1776
               +---------+---------+-------+---------+---------+-------+---------
           D:1 |       0 |      21 |   0.0 |       0 |      14 |   0.0 |   710
           D:2 |       0 |      90 |   0.0 |       0 |      16 |   0.0 |   864
           D:3 |       0 |      39 |   0.0 |       0 |      18 |   0.0 |   202
               +---------+---------+-------+---------+---------+-------+---------
